Map: Ice and Chrome LE

Players

NYK

  • Race: Zerg Zerg
  • League: Grandmaster
  • Spawn Location: 7:00

Creature - Winner!

  • Race: Protoss Protoss
  • Spawn Location: 1:00

Event: The Miserable Cup

VOD

Have the link to the VOD?

Description

Time

  • Played on: June 19, 2020, 1:17 p.m.
  • Length: 10:08

All games in this series

Show
View Real Time Build Order
Export as new Build Order

NYK Zerg 

Build Orders: Hatch First 

Get SALT Encoding   

  12  0:00  Drone  
  13  0:12  Overlord  
  13  0:19  Drone  
  14  0:30  Drone x2  
  16  0:48  Hatchery  
  15  0:51  Drone  
  15  0:55  Drone  
  17  0:59  Drone  
  18  1:10  Extractor  
  17  1:14  Spawning Pool  
  17  1:17  Drone  
  17  1:20  Drone  
  18  1:29  Drone  
  19  1:40  Drone  
  20  1:54  Overlord  
  20  2:00  Queen x2  
  24  2:01  Zergling x4  
  26  2:12  Drone x2  
  28  2:25  Metabolic Boost  
  28  2:33  Hatchery  
  27  2:41  Overlord  
  27  2:42  Drone x2  
  29  2:49  Zergling x2  
  30  2:52  Queen  
  31  2:59  Drone  
  31  3:00  Drone x2  
  31  3:02  Drone  
  35  3:10  Overlord  
  35  3:18  Drone x4  
  35  3:19  Drone  
  40  3:26  Overlord  
  40  3:29  Overlord  
  40  3:33  Queen  
  42  3:46  Roach Warren, Drone x4  
  42  3:48  Drone  
  46  3:50  Drone  
  47  3:58  Zergling x2  
  47  3:59  Zergling x6  
  51  4:04  Spine Crawler  
  51  4:05  Extractor  
  49  4:11  Overlord  
  49  4:19  Drone x4  
  49  4:21  Zergling x6  
  56  4:29  Roach x4  
  56  4:30  Roach  
  66  4:36  Lair  
  66  4:43  Roach x2  
  70  4:50  Overlord  
  70  4:51  Overlord  
  66  5:00  Roach x4  
  66  5:02  Zergling x2  
  73  5:11  Drone x7  
  73  5:12  Drone  
  81  5:25  Extractor  
  81  5:26  Evolution Chamber  
  81  5:27  Overlord  
  78  5:39  Roach x6  
  87  5:43  Overseer  
  87  5:53  Roach x3  
  89  6:07  Drone x9  
  98  6:17  Zerg Missile Weapons Level 1  
  98  6:20  Overlord  
  98  6:21  Overlord x2  
  98  6:32  Overlord x2  
  97  6:33  Overlord, Extractor  
  96  6:41  Glial Reconstitution  
  96  6:43  Drone x6  
  102  6:50  Extractor  
  101  6:54  Roach x2  
  101  6:55  Roach x4  
  109  7:09  Roach x4  
  117  7:22  Queen  
  117  7:24  Roach x8  
  119  7:45  Roach x7  
  119  7:46  Roach  
  119  7:48  Overseer  
  133  8:02  Ravager  
  133  8:03  Ravager  
  133  8:05  Zergling x4  
  137  8:07  Overlord x3  
  137  8:14  Overlord x3  
  137  8:22  Overseer x2  
  137  8:24  Ravager  
  137  8:26  Zergling x12  
  144  8:38  Roach x5  
  144  8:40  Ravager  
  153  8:42  Ravager  
  153  8:45  Ravager  
  153  8:48  Overseer  
  141  9:04  Roach x7  
  143  9:12  Ravager  
  140  9:22  Roach x6  
  136  9:29  Roach x2  
  118  9:41  Roach x3  
  108  9:47  Roach x2  
  108  9:48  Roach  
Show
View Real Time Build Order
Export as new Build Order

Creature Protoss - Winner!

Build Orders: 1 Gate Expand, Archon Immortal, Mass Adepts, Dark Templar Rush 

Get SALT Encoding   

  12  0:00  Probe  
  13  0:12  Probe  
  14  0:17  Pylon  
  14  0:24  Probe  
  15  0:32  Probe  
  15  0:40  Probe  
  15  0:41  Gateway  
  16  0:48  Assimilator  
  17  0:51  Probe  
  18  1:03  Probe  
  19  1:15  Probe  
  20  1:26  Nexus  
  20  1:36  Cybernetics Core  
  20  1:38  Probe  
  21  1:47  Assimilator  
  21  1:50  Probe  
  21  1:54  Pylon  
  22  2:03  Adept  
  22  2:04  Probe  
  25  2:16  Warp Gate  
  25  2:17  Probe  
  26  2:27  Twilight Council  
  26  2:29  Probe  
  27  2:34  Probe  
  27  2:35  Stalker  
  29  2:37  Probe  
  29  2:43  Probe  
  31  2:45  Probe  
  33  2:52  Probe  
  33  2:55  Probe  
  35  2:59  Robotics Facility  
  35  3:04  Probe  
  36  3:09  Gateway  
  36  3:12  Probe  
  37  3:14  Resonating Glaives  
  37  3:18  Probe  
  38  3:20  Adept  
  40  3:27  Gateway  
  40  3:28  Probe  
  41  3:35  Warp Prism, Gateway  
  41  3:37  Probe  
  44  3:48  Probe  
  44  3:52  Assimilator  
  44  3:54  Probe  
  46  3:59  Dark Shrine  
  46  4:04  Pylon  
  46  4:09  Pylon  
  46  4:22  Assimilator, Probe x2  
  46  4:23  Adept x3  
  54  4:29  Adept  
  56  4:34  Probe  
  57  4:39  Pylon  
  57  4:40  Probe  
  57  4:44  Pylon  
  58  4:50  Probe  
  59  4:53  Adept  
  59  4:59  Adept x3  
  67  5:01  Probe  
  68  5:09  Probe  
  68  5:14  Pylon  
  69  5:23  Dark Templar x4  
  69  5:27  Pylon  
  76  5:32  Probe  
  77  5:36  Probe  
  78  5:48  Immortal  
  82  5:53  Probe  
  83  5:57  Probe  
  83  6:03  Charge  
  84  6:05  Probe  
  84  6:09  Probe  
  84  6:11  Nexus  
  82  6:15  Pylon  
  82  6:18  Adept x2  
  86  6:28  Pylon  
  86  6:30  Immortal  
  86  6:33  Dark Templar x2  
  86  6:34  Archon  
  86  6:39  Archon  
  94  6:44  Shield Battery  
  94  6:46  Pylon, Probe  
  95  7:01  Probe  
  95  7:04  Forge  
  95  7:06  Gateway  
  96  7:10  Gateway  
  96  7:12  Probe, Gateway  
  96  7:14  Sentry x2  
  101  7:16  Probe  
  102  7:26  Gateway  
  102  7:31  Probe  
  102  7:32  Immortal  
  101  7:47  Protoss Ground Weapons Level 1  
  89  7:52  Probe x2  
  89  7:53  Zealot  
  89  7:54  Zealot x3  
  99  8:04  Probe  
  100  8:05  Zealot x2  
  100  8:11  Probe x2  
  106  8:15  Pylon  
  106  8:18  Dark Templar x4  
  106  8:19  Zealot  
  116  8:23  Pylon  
  116  8:24  Pylon  
  116  8:25  Archon x2  
  116  8:41  Observer  
  116  8:44  Zealot x4  
  125  8:52  Gateway x2  
  125  8:55  Zealot x4  
  129  9:00  Immortal  
  123  9:08  Zealot  
  121  9:16  Zealot x7  
  121  9:28  Zealot  
  113  9:36  Zealot  
  113  9:37  Zealot x6  
  117  9:50  Templar Archives  
  113  9:57  Assimilator x2  
Tags
 
Add a new tag
Caveats
  • Supply blocks, unpowered buildings, or Contaminate may cause inaccurate times.
  • Supply counts are checked every 10 seconds.